 Dungeon Crawl Stone Soup version 0.29.0-5-ge4962eb29e (webtiles) character file.

Game seed: 10036490133475235224

60 Descartes the Gusty (level 3, -1/19 HPs)
             Began as a Deep Elf Wanderer on Aug 28, 2022.
             Slain by a hobgoblin (4 damage)
             ... on level 3 of the Dungeon.
             The game lasted 00:17:46 (2429 turns).

Descartes the Gusty (Deep Elf Wanderer)             Turns: 2429, Time: 00:17:46

Health: -1/19      AC:  4    Str: 10    XL:     3   Next: 82%
Magic:  2/8        EV: 12    Int: 15    God:
Gold:   67         SH:  0    Dex: 16    Spells: 5/6 levels left

rFire   . . .      SeeInvis .   l - +1 dagger (elec)
rCold   . . .      Faith    .   (no shield)
rNeg    . . .      Spirit   .   d - +0 robe
rPois   .          Reflect  .   (no helmet)
rElec   .          Harm     .   (no cloak)
rCorr   .          Rampage  .   b - +0 pair of gloves
Will    .....                   k - +0 pair of boots
Stlth   +.........              (no amulet)
HPRegen 0.06/turn               (no ring)
MPRegen 0.11/turn               (no ring)

@: no status effects
A: no striking features
a: no special abilities


You were on level 3 of the Dungeon.
You visited 1 branch of the dungeon, and saw 3 of its levels.

You collected 67 gold pieces.

Inventory:

Hand Weapons
 a - a +0 quarterstaff
 l - a +1 dagger of electrocution (weapon)
Missiles
 g - 15 stones
Armour
 b - a +0 pair of gloves (worn)
 d - a +0 robe (worn)
 k - a +0 pair of boots (worn)
Scrolls
 c - a scroll of teleportation
 i - 3 scrolls of identify
Potions
 e - 3 potions of curing {unknown}
 f - a potion of mutation {unknown}
 h - 2 potions of haste
 j - a potion of brilliance {unknown}


   Skills:
 + Level 2.4 Staves
 - Level 1.0 Throwing
 - Level 1.0 Armour
 + Level 1.9 Dodging
 + Level 2.4 Spellcasting
 * Level 1.7 Conjurations
 * Level 4.4 Air Magic


You had 5 spell levels left.
You knew the following spells:

 Your Spells              Type           Power      Damage    Failure   Level
a - Shock                 Conj/Air       44%        1d5       6%          1

Your spell library contained the following spells:

 Spells                   Type           Power      Damage    Failure   Level
 Static Discharge         Conj/Air       11%        3-5/arc   9%          2
 Swiftness                Air            15%        N/A       11%         3
 Airstrike                Air            7%         2d(2-18)  34%         4


Dungeon Overview and Level Annotations

Branches:
Dungeon (3/15)

Altars:

Shops:
D:1 :?


Message History

The zap hits the giant cockroach.
The giant cockroach is severely wounded.
The zap misses the hobgoblin.
The giant cockroach completely misses you.
Casting: Shock (safe; 6% risk of failure)
Confirm with . or Enter, or press ? or * to list all spells.
Aiming: Shock (safe; 6% risk of failure)
Press: ? - help, Shift-Dir - straight line, f/p - giant cockroach
Aim: a giant cockroach (severely wounded, 68% to hit)
The zap hits the giant cockroach.
You kill the giant cockroach!
The zap hits the hobgoblin.
The hobgoblin is moderately wounded.
The zap hits something.
Casting: Shock (safe; 6% risk of failure)
Confirm with . or Enter, or press ? or * to list all spells.
Aiming: Shock (safe; 6% risk of failure)
Press: ? - help, Shift-Dir - straight line, f - hobgoblin
Aim: a hobgoblin (moderately wounded, 68% to hit)
The zap misses the hobgoblin.
The zap hits something.
The zap misses the orc.
Casting: Shock (safe; 6% risk of failure)
Confirm with . or Enter, or press ? or * to list all spells.
Aiming: Shock (safe; 6% risk of failure)
Press: ? - help, Shift-Dir - straight line, f/p - hobgoblin
Aim: a hobgoblin (moderately wounded, 68% to hit)
The zap misses the hobgoblin.
The zap hits something.
The zap hits the orc.
The orc is heavily wounded.
The hobgoblin misses you.
The hobgoblin drinks a potion.
The hobgoblin goes berserk!
The hobgoblin attacks as you move away!
The hobgoblin hits you but does no damage.
The hobgoblin barely misses you. The hobgoblin attacks as you move away!
The hobgoblin closely misses you. The hobgoblin hits you.
* * * LOW HITPOINT WARNING * * *
The hobgoblin attacks as you move away! The hobgoblin barely misses you.
The hobgoblin hits you but does no damage.
There is a large open door here.
The hobgoblin hits you.
You die...

#####........'...# #.
#..........#.#...# ##+
#..........#.#$..# ...
#$.........#.#...# ...
#...)......#.##+## ...
#..........#.# ...
#..........#.# ###.
####.†..'#####.# ....
#<.'...@g.{.o..#########
####....##..............
###########..########
##.... #####.#


You could see an orc and a hobgoblin (berserk).

Vanquished Creatures
  An adder (D:2)
  A worm (D:2)
  3 dart slugs
  2 orcs (D:3)
  2 ball pythons (D:2)
  2 bats
  6 endoplasms
  4 giant cockroaches
  4 goblins
  4 hobgoblins
  4 kobolds
  3 rats
36 creatures vanquished.

Vanquished Creatures (others)
  5 fungi (D:2)
  5 plants (D:2)
10 creatures vanquished.

Grand Total: 46 creatures vanquished

Notes
Turn   | Place    | Note
-------+----------+-------------------------------------------
     0 | D:1      | Descartes the Deep Elf Wanderer began the quest for the
                  | Orb.
     0 | D:1      | Descartes set off with the following items: a +0
                  | quarterstaff, a +0 pair of gloves, a scroll of
                  | teleportation, a +0 robe; and the following spell
                  | memorised: Shock; and the following spells available to
                  | memorise: Static Discharge, Airstrike.
     0 | D:1      | Reached XP level 1. HP: 10/10 MP: 5/5
   540 | D:1      | Reached XP level 2. HP: 15/15 MP: 2/6
   656 | D:1      | Found Jeco's Magic Scroll Shop.
   756 | D:1      | Reached skill level 1 in Conjurations
   799 | D:1      | Found Piometh's Book Shop.
  1409 | D:2      | Reached XP level 3. HP: 19/19 MP: 2/8
  1996 | D:2      | Found a faded altar of an unknown god.
  2429 | D:3      | Slain by a hobgoblin

Illustrated notes

Levels and vault maps discovered:
D:1:      psy_arrival_basics, layout_rooms, serial_shops, shop_scrolls, shop
D:2:      layout_basic, shapermc_ecumenical_altar_mp_urbaneastern,
          minmay_misc_feat_four_crosses
D:3:      layout_basic, portal_sewer_entry_e

Skill      XL: |  1  2 |
---------------+-------+-----
Spellcasting   | 2 |  2.4
Conjurations   | 1 |  1.7
Staves         | |  2.4
Throwing       | |  1.0
Armour         | |  1.0
Dodging        | |  1.9
Air Magic      | |  4.4

Action                   || total
-------------------------++-------
Melee: Quarterstaff      ||     1
       Dagger            ||     2
 Cast: Shock             ||    97
  Use: Scroll            ||     1
Armor: Robe              ||    11
Dodge: Dodged            ||    28
